Cogmind - Beta 14 @@@ ROGUE MODE // 2024.09.06 @ 20:23:11 Player: Helstads_dog Result: Self-destructed Performance ------------- Evolutions (1) 500 Regions Visited (2) 400 Robots Destroyed (38) 190 Value Destroyed (954) 954 Prototype IDs (4) 80 Alien Tech Used (0) 0 Bonus (0) 0 TOTAL SCORE: 2124 Bonus ------- None Cogmind --------- Core Integrity 234/400 Matter 254/300 Energy 280/280 System Corruption 0% Temperature Warning (324) Movement Treading (400) Ox3 Location -9/Materials Parts ------- > --- POWER (1) -------- Heavy Ion Engine > --- PROPULSION (2) --- Light Treads Wheel > --- UTILITY (3) ------ Heat Sink High-capacity Storage Unit Medium Armor Plating > --- WEAPON (3) ------- Particle Gun Particle Cannon Autogun > --- INVENTORY (20) --- Reinforced Ion Engine Reinforced Ion Engine Light Treads Light Treads Wheel Wheel Heat Sink Heat Sink Hacking Suite Tractor Beam Medium Laser Medium Laser Particle Gun Assault Rifle Shotgun Shotgun Shotgun Grenade Launcher Mining Laser Peak State ------------ > --- POWER ------------ Heavy Ion Engine > --- PROPULSION ------- Light Treads Wheel > --- UTILITY ---------- Heat Sink High-capacity Storage Unit Medium Armor Plating > --- WEAPON ----------- Particle Gun Particle Cannon Autogun > --- INVENTORY -------- Reinforced Ion Engine Reinforced Ion Engine Light Treads Light Treads Wheel Wheel Heat Sink Heat Sink Hacking Suite Tractor Beam Medium Laser Medium Laser Particle Gun Assault Rifle Shotgun Shotgun Shotgun Grenade Launcher Mining Laser [Rating: 17] Favorites ----------- Power Ion Engine Engine Ion Engine Propulsion Light Treads Treads Light Treads Leg Aluminum Leg Wheel Wheel Utility Heat Sink Device Heat Sink Storage High-capacity Storage Unit Processor Signal Interpreter Protection Medium Armor Plating Weapon Medium Laser Energy Gun Medium Laser Energy Cannon Beam Cannon Ballistic Gun Autogun Launcher Grenade Launcher Build | -11 -10 -9 ------- Run | Yrd Mat Mat Slots Evolved 2 | . . 2 Power . | . . . Propulsion . | . . . Utility 1 | . . 1 Weapon 1 | . . 1 Parts Attached 32 | . 17 15 Power 3 | . 2 1 Engine 3 | . 2 1 Core . | . . . Reactor . | . . . Propulsion 9 | . 7 2 Treads 4 | . 4 . Leg . | . . . Wheel 5 | . 3 2 Hover . | . . . Flight . | . . . Utility 11 | . 4 7 Device 5 | . 2 3 Storage 2 | . 2 . Processor 1 | . . 1 Hackware . | . . . Protection 3 | . . 3 Artifact . | . . . Weapon 9 | . 4 5 Energy Gun 4 | . 3 1 Energy Cannon 2 | . 1 1 Ballistic Gun 2 | . . 2 Ballistic Cannon . | . . . Launcher 1 | . . 1 Special Weapon . | . . . Impact Weapon . | . . . Slashing Weapon . | . . . Piercing Weapon . | . . . Special Melee Weapon . | . . . Unidentified Prototypes . | . . . Parts Lost 5 | . 2 3 Power . | . . . Propulsion 1 | . 1 . Utility 3 | . 1 2 Weapon 1 | . . 1 Highest Loss Streak 1 | . 1 1 To Critical Strikes . | . . . Average Slot Usage (%) 95 | . 95 95 Engine 12 | . 13 11 Treads 12 | . 13 11 Wheel 12 | . 13 11 Device 11 | . 10 12 Storage 12 | . 14 11 Protection 2 | . . 5 Energy Gun 19 | . 27 10 Energy Cannon 5 | . . 11 Ballistic Gun 5 | . . 11 Peak Build Rating 17 | . 8 17 Average Rating 10 | . 7 13 On Entrance 6 | 6 6 8 Naked Turns . | . . . Heaviest Build 65 | 14 51 65 Greatest Support 20 | 20 20 10 Greatest Overweight (x) 6 | . 5 6 Average Overweight (x) 3 | . 1 5 Largest Inventory Capacity 20 | . 20 20 Average Capacity 17 | . 16 20 Most Carried 20 | . 15 20 Average Carried 14 | . 12 17 Final Capacity 20 | 8 20 20 Final Carried 19 | 6 13 19 Class Distribution -------------------- 55% | Mutant 19% | Gunner 16% | Tank 7% | Scavenger-Tank Dominant Class ---------------- Mutant | -10/Materials Gunner | -9/Materials Resources | -11 -10 -9 ----------- Run | Yrd Mat Mat Matter Collected 582 | 194 161 227 Remotely 74 | . . 74 Salvage Created 1281 | . 638 643 Parts 71 | . 35 36 Haulers Intercepted . | . . . Recyclers Shooed 3 | . 1 2 Parts Field Recycled . | . . . Retrieved Matter . | . . . Parts Self-Destructed . | . . . Prevented . | . . . Kills | -11 -10 -9 ------- Run | Yrd Mat Mat Combat Hostiles Destroyed 27 | . 16 11 Guns 20 | . 16 4 Cannons 6 | . . 6 AOE 1 | . . 1 Classes Destroyed 7 | . 5 2 Builder 2 | . . 2 Recycler 3 | . 1 2 Operator 2 | . 1 1 Watcher 4 | . 2 2 Swarmer 7 | . 4 3 Grunt 16 | . 12 4 Sentry 4 | . . 4 Best Kill Streak 5 | . 3 5 Combat Bots Only 3 | . 2 3 Max Kills in Single Turn 3 | . 1 3 Gunslinging . | . . . Exploded 1 | . . 1 Melee . | . . . Uniques/NPCs Destroyed . | . . . Combat | -11 -10 -9 -------- Run | Yrd Mat Mat Hostile Shots Fired 132 | . 68 64 Missed 40 | . 20 20 Damage Taken 1094 | . 512 582 Core 308 | . 142 166 Absorbed by Shields . | . . . Core Remaining (%) 71 | 100 43 . Volleys Fired 97 | . 64 33 Largest 3 | . 2 3 Hottest 156 | . 100 156 Shots Fired 215 | . 127 88 Gun 182 | . 127 55 Cannon 31 | . . 31 Launcher 2 | . . 2 Special . | . . . Kinetic 31 | . . 31 Thermal 182 | . 127 55 Explosive 2 | . . 2 Electromagnetic . | . . . Robot Hit Streak 15 | . 14 15 Robot Miss Streak 3 | . 3 3 Penetration Max . | . . . Secondary Targets 3 | . 3 . Max Gunslinging Chain 1 | . 1 . Shots Hit Robots 134 | . 79 55 Core Hits 61 | . 35 26 Critical Kills . | . . . Critical Parts Destroyed . | . . . Critical Strikes 7 | . 7 . Burn 7 | . 7 . Melee Attacks . | . . . Impact . | . . . Slashing . | . . . Piercing . | . . . Sneak Attacks . | . . . Combat Hostiles . | . . . Follow-up Attacks . | . . . Damage Inflicted 2100 | . 1016 1084 Guns 1551 | . 1016 535 Cannons 367 | . . 367 Explosions 182 | . . 182 Melee . | . . . Ramming . | . . . Kinetic 252 | . . 252 Thermal 1666 | . 1016 650 Explosive 182 | . . 182 Electromagnetic . | . . . Impact . | . . . Slashing . | . . . Piercing . | . . . Highest Corruption . | . . . Average Corruption . | . . . Corruption Purged . | . . . Corruption Blocked . | . . . Overload Shots . | . . . Overflow Damage 25 | . . 25 Projectiles 19 | . . 19 Explosions 6 | . . 6 Melee . | . . . Knockbacks . | . . . Impact . | . . . Kinetic . | . . . Secondary . | . . . Self-Inflicted Damage . | . . . Shots . | . . . Rammed . | . . . Targets Rammed . | . . . Kicked . | . . . Crushed . | . . . Highest Temperature 324 | . 270 324 Average Temperature 68 | . 71 62 Received Heat Transfer 486 | . 243 243 Siege Activations . | . . . Robots Corrupted . | . . . Combat Hostiles . | . . . Parts Fried . | . . . Impact Corruptions . | . . . Robots Melted 1 | . 1 . Combat Hostiles . | . . . Parts Melted 19 | . 13 6 Heat Transferred 4934 | . 3454 1480 Parts Sabotaged . | . . . Parts Stolen . | . . . Parts Stripped . | . . . Power Chain Reactions . | . . . Alert | -11 -10 -9 ------- Run | Yrd Mat Mat Peak Influence 367 | . 270 367 Initial 112 | . . 112 Average 167 | . 110 233 Maximum Alert Level 1 | . 1 1 Low Security (%) 59 | . 84 29 Level 1 40 | . 15 70 Level 2 . | . . . Level 3 . | . . . Level 4 . | . . . Level 5 . | . . . High Security . | . . . Max Security . | . . . Squads Dispatched 7 | . 6 1 Investigation 4 | . 4 . Extermination . | . . . Reinforcement 3 | . 2 1 Assault . | . . . Garrison . | . . . Intercept . | . . . Searches Triggered . | . . . Construction Impeded 1 | . . 1 Haulers Reinforced . | . . . Active Scanning Responses . | . . . Cargo Convoy Interrupts . | . . . Stealth | -11 -10 -9 --------- Run | Yrd Mat Mat Distress Signals . | . . . Communications Jammed . | . . . Distress Signals . | . . . Times Spotted 44 | . 26 18 Peak Tracking Total 3 | . 3 3 Tactical Retreats 2 | . 1 1 Traps | -11 -10 -9 ------- Run | Yrd Mat Mat Traps Triggered 4 | . 4 . Indirectly . | . . . Trap Hack Attempts . | . . . Triggered . | . . . Disarmed . | . . . Reprogrammed . | . . . Reused . | . . . Traps Extracted . | . . . Installed . | . . . Triggered . | . . . Machines | -11 -10 -9 ---------- Run | Yrd Mat Mat Machines Disabled 1 | . . 1 Max in Single Turn 1 | . . 1 Machines Repaired . | . . . Machines Dismantled . | . . . Machines Sabotaged . | . . . Overloaded Fab Kills . | . . . Hacking | -11 -10 -9 --------- Run | Yrd Mat Mat Machines Accessed 12 | . 8 4 Terminals 9 | . 6 3 Fabricators . | . . . Repair Stations . | . . . Recycling Units 2 | . 2 . Scanalyzers 1 | . . 1 Garrison Access . | . . . Total Hacks 40 | . 26 14 Successful 26 | . 18 8 Failed 13 | . 7 6 Catastrophic 4 | . 2 2 Database Lockouts 1 | . 1 . Manual 16 | . 13 3 Terminals 32 | . 22 10 Fabricators . | . . . Repair Stations . | . . . Recycling Units 4 | . 4 . Scanalyzers 4 | . . 4 Garrison Access . | . . . Terminal Hacks 14 | . 12 2 Robot Analysis 6 | . 6 . Prototype ID Bank 3 | . 3 . Branch Access Points 1 | . 1 . Emergency Access Points 1 | . 1 . Alert Level 2 | . 1 1 Locate Traps 1 | . . 1 Fabricator Hacks . | . . . Repair Station Hacks . | . . . Recycling Unit Hacks 2 | . 2 . Report Inventory 2 | . 2 . Scanalyzer 4 | . . 4 Insert Component 2 | . . 2 Analyze 2 | . . 2 Garrison Access Hacks . | . . . Unauthorized Hacks 6 | . 4 2 Terminals 4 | . 2 2 Botnet 4 | . 2 2 Fabricators . | . . . Repair Stations . | . . . Recycling Units 2 | . 2 . Tunnel 2 | . 2 . Scanalyzers . | . . . Garrison Access . | . . . Data Cores Recovered 1 | . . 1 Used . | . . . Hacking Detections 9 | . 5 4 Full Trace Events 1 | . 1 . Feedback Events . | . . . Feedback Blocked . | . . . Robot Schematics Acquired . | . . . Robots Built . | . . . Authchips . | . . . Time . | . . . Total Robot Build Rating . | . . . Part Schematics Acquired 2 | . . 2 Parts Built . | . . . Authchips . | . . . Time . | . . . Total Part Build Rating . | . . . Parts Repaired . | . . . Time . | . . . Parts Recycled . | . . . Recycled Matter . | . . . Retrieved Matter . | . . . Retrieved Components . | . . . Parts Scanalyzed 2 | . . 2 Part Schematics Acquired 2 | . . 2 Parts Damaged . | . . . Bothacking | -11 -10 -9 ------------ Run | Yrd Mat Mat Used RIF Installer . | . . . Robots Hacked . | . . . Non-combat . | . . . Combat . | . . . Robot Hacks Applied . | . . . Relay Couplers Released . | . . . Fabnet Peak Effective % . | . . . Robots Rewired . | . . . Allies Hacked . | . . . Hacks Repelled . | . . . Allies | -11 -10 -9 -------- Run | Yrd Mat Mat Total Allies . | . . . Largest Group . | . . . Highest-Rated Group . | . . . Highest-Rated Ally . | . . . Total Orders . | . . . Ally Attacks . | . . . Total Damage . | . . . Kills . | . . . Allies Corrupted . | . . . Allies Melted . | . . . Intel | -11 -10 -9 ------- Run | Yrd Mat Mat Robot Analysis Total 6 | . 6 . Derelict Logs Recovered . | . . . Drone Launches . | . . . Drone Recoveries . | . . . Exploration | -11 -10 -9 ------------- Run | Yrd Mat Mat Turns Passed 2080 | . 1116 964 Spaces Moved 1125 | 1 643 481 Core . | . . . Treads 1 | . 1 . Legs 19 | 1 18 . Wheels 1105 | . 624 481 Hover . | . . . Flight . | . . . Fastest Speed 110 | 120 110 155 Average Speed 138 | 120 121 162 Slowest Speed 320 | 120 320 170 Overloaded Moves . | . . . Propulsion Burnouts . | . . . Robots Hopped . | . . . Cave-ins Triggered . | . . . Exploration Rate (%) 48 | 1 99 44 Regions Visited 2 Branch Regions . Pre-discovered Areas 2 | . 2 . Known Exits Taken . | . . . Unknown Exits Taken 2 | 1 1 . Scrap Searched . | . . . Spaces Dug . | . . . Terrain Destroyed 13 | . . 13 Melee . | . . . Projectile . | . . . AOE 13 | . . 13 Terrain Rammed . | . . . Walls Destroyed . | . . . Machines Disabled . | . . . Actions | -11 -10 -9 --------- Run | Yrd Mat Mat Total 1453 | . 852 601 Wait 151 | . 106 45 Move 1123 | . 642 481 Hop . | . . . Pick Up 29 | . 14 15 Fast Attach 10 | . 8 2 Attach 11 | . 6 5 Detach 2 | . 1 1 Swap 11 | . 3 8 Drop 19 | . 8 11 Fire 97 | . 64 33 Melee . | . . . Ram . | . . . Kick . | . . . Crush . | . . . Escape Stasis . | . . . Rewire . | . . . Trap . | . . . Miscellaneous . | . . . Route ------- -11/Scrapyard -10/Materials (discovered 4 exits: *Mat x3 / *Min) -9/Materials (discovered 1 exit: *Mat) History --------- Turn | Location | Event 1 | -11/Scrapyard | Discovered new exit (range 0) 1 | -11/Scrapyard | Entered Materials 211 | -10/Materials | Discovered new exit (range 15) 303 | -10/Materials | Build established: Mutant 425 | -10/Materials | Discovered new exit (range 8) 550 | -10/Materials | Central database locked down 559 | -10/Materials | Discovered new exit (range 6) 766 | -10/Materials | Discovered new exit (range 13) 798 | -10/Materials | Identified exit to Mines 1078 | -10/Materials | Core integrity fell below 50% 1117 | -10/Materials | Entered another Materials area 1117 | -9/Materials | Evolved 2 slots: Utility x1, Weapon x1 1409 | -9/Materials | Build established: Gunner 1853 | -9/Materials | Discovered new exit (range 13) 2001 | -9/Materials | Build established: Tank 2021 | -9/Materials | Identified exit to Materials 2081 | -9/Materials | Self-destructed Last Messages --------------- 01863_ Acquired Hacking Suite. 01864_ Acquired data core, extracted dynamic key. 01866_ K-01 Serf collects debris. 01896_ Connecting with Terminal... >>Trojan(Botnet) Trojan loaded successfully. Testing... Terminal linked with 1 system. Awaiting botnet instructions. >>Alert(Check) Current Alert Level: 1-V 01901_ Heat Sink destroyed. 01901_ Y-45 Defender destroyed. 01902_ R-06 Scavenger collects Lgt. Treads. 01975_ Acquired Heat Sink. 01976_ Acquired 35 matter. 02021_ EXIT=IDENTIFIED: MATERIALS 02051_ Dropped Beam Cannon. 02065_ Discarded Signal Interpreter. 02081_ G-34 Mercenary heat spikes uncontrollably. Map ----- +----------------------------------------------------+ | ??????????????# #???????# #?? | | ??????????????# #???????# #?? | | ????######????# #???????# #?? | | ???##!!!!##???# #???????# #?? | | ???#! !#???# #???????# ### | | ???? #??## ##??????# | | ??????# #### #?#######+#### | | ??????# ### | | ??????# < % /= | | ??????# *### | | ??????# ###### #?# | | ??????# #????###+###?# | | ??????# #??????? ??# | | ??????# #??????? ############ | | ??????# #??????? """ #??????????? | | ####### #????????""" ???????????? | | # # ####?????""" +??????????? | | # + +????? ??????????????? | | # # ####????????????????????? | | # !# #???????????????????????? | | # #k#???????????????????????? | | # # #???????????????????????? | | # # ########????????????????? | | # # #????????????????? | | # + g #????????????????? | | # # @ g #????????????????? | | # ] ## ### #????????????????? | | # ## #??? #????????????????? | | ########+#???? #???????????????? | | ??????? #?????? ??????????????? | | ??????? #??????? ????????????? | | ?????? #???????? ???????????? | | ?????? #??????????##??????????? | | ?????? #??????????????????????? | | ????? ???????????????????????? | | ????? ???????????????????????? | | ????? ???????????????????????? | | ???? ???????????????????????? | | ????? ???????????????????????? | | ?????? ???????????????????????? | | ??????+##???????????????????????? | | ????????????????????????????????? | | ????????????????????????????????? | | ????????????????????????????????? | | ????????????????????????????????? | | ????????????????????????????????? | | ????????????????????????????????? | | ????????????????????????????????? | | ????????????????????????????????? | | ????????????????????????????????? | +----------------------------------------------------+ Best States ------------- Heat Dissipation 38 Energy Generation 14 Energy Capacity 280 Matter Stores 300 Matter Capacity 300 Sight Range 16 Robot Scan Range 14 Terrain Scan Density 10 Armor Coverage 225 Evasion (%) 55 Recoil Reduction 1 Item Schematics ----------------- Signal Interpreter | -9/Materials | Scanalyzed Wheel | -9/Materials | Scanalyzed Robot Schematics ------------------ None Fabricated ------------ Nothing Alien Tech Used ----------------- None Achievements -------------- None Challenges ------------ None Game ------ Seed SkeletonTerrabombClaymores Manual? 0 Play Time 00:32:48 Cumulative 65.6 hours Start 2024.09.06 @ 19:13:15 End 2024.09.06 @ 20:23:11 Sessions 1 Manual Loads 0 Difficulty Rogue Special Mode None Game No. 38 Rogue 38 Adventurer 0 Explorer 0 Win Type - Total 0 Types 0/0/0/0/0/0/0/0/0 Lore% 25 Gallery% 27 Achievement% 32 Wizard Run 0 Options --------- Layout 0 ASCII 0 Keyboard 0 Movement Mouse Keybinds 0 Fullscreen 1 Font 16/SmallcapsGlow Map View 37x27 Zoom Use 87% Tactical HUD 1 Map Filters NONE Filters NONE Steam X RUN: 6465665d-223e-4241-bbd1-f5beafa99ec5